 Dungeon Crawl Stone Soup version 0.19.5 (webtiles) character file.

61 tidbits the Gusty (level 3, 0/21 HPs)
             Began as a High Elf Air Elementalist on Nov 8, 2017.
             Slain by an ogre
             ... wielding a +0 giant club
              (21 damage)
             ... on level 5 of the Dungeon.
             The game lasted 00:05:37 (587 turns).

tidbits the Gusty (High Elf Air Elementalist)        Turns: 587, Time: 00:05:39

Health: 0/21       AC:  2    Str:  7    XL:     3   Next: 83%
Magic:  4/8        EV: 13    Int: 20    God:
Gold:   88         SH:  0    Dex: 15    Spells: 3 memorised, 1 level left

rFire  . . .     SeeInvis .     (no weapon)
rCold  . . .     Gourm    .     a - +0 robe
rNeg   . . .     Faith    .     (no shield)
rPois  .         Spirit   .     (no helmet)
rElec  .         Reflect  .     (no cloak)
rCorr  .         Harm     .     (no gloves)
MR     .....                    (no boots)
Stlth  ++........               (no amulet)
                                (no ring)
                                (no ring)

@: repel missiles
A: no striking features
a: no special abilities


You were on level 5 of the Dungeon.
You were not hungry.

You visited 1 branch of the dungeon, and saw 5 of its levels.

You collected 88 gold pieces.

Inventory:

Hand Weapons
 e - a cursed -1 spear
   (You found it on level 1 of the Dungeon)
 h - a +0 short sword
   (You took it off a kobold on level 2 of the Dungeon)
Armour
 a - a +0 robe (worn)
Scrolls
 d - a scroll of noise {unknown}
 f - a scroll of recharging {unknown}
 l - a scroll of blinking {unknown}
Potions
 g - 2 potions of lignification {unknown}
 j - a potion of haste {unknown}
 k - a potion of degeneration {unknown}
Books
 b - a book of Air

   Spells                             Type                      Level
   a - Shock                          Conjuration/Air              1
   b - Swiftness                      Charms/Air                   2
   c - Repel Missiles                 Charms/Air                   2
   d - Static Discharge               Conjuration/Air              3
   e - Lightning Bolt                 Conjuration/Air              5
Comestibles
 c - 2 bread rations
 i - a royal jelly


   Skills:
 - Level 2.1 Dodging
 - Level 2.1 Stealth
 + Level 2.9 Spellcasting
 * Level 2.5 Conjurations
 * Level 4.8 Air Magic


You had one spell level left.
You knew the following spells:

 Your Spells              Type           Power        Failure   Level  Hunger
a - Shock                 Conj/Air       ###.         3%          1    None
d - Static Discharge      Conj/Air       ###.....     12%         3    ###....
m - Repel Missiles        Chrm/Air       ##....       10%         2    ##.....


Dungeon Overview and Level Annotations

Branches:
Dungeon (5/15)
 Temple: D:4-7

Altars:


Message History

There is a stone staircase leading down here.
You climb downwards.
A ball python and an ogre come into view.
The ogre shouts!
Found 31 stones.
There is a stone staircase leading up here.
The ball python moves out of view.
You climb upwards.
There is a stone staircase leading down here.
Found 10 gold pieces.
Casting: Repel Missiles
Confirm with . or Enter, or press ? or * to list all spells.
Aiming: Shock
Press: ? - help, Shift-Dir - straight line The zap hits the frilled lizard.
You kill the frilled lizard!
You now have 88 gold pieces (gained 10).
Found a stone staircase leading up.
There is a stone staircase leading up here.
You climb upwards.
There is a stone staircase leading down here.
You climb downwards.
There is a stone staircase leading up here.
A jackal comes into view.
Casting: Shock
Confirm with . or Enter, or press ? or * to list all spells.
Aiming: Shock
Press: ? - help, Shift-Dir - straight line, f - jackal
Aim: a jackal (hasn't noticed you)
The zap hits the jackal.
The jackal is moderately wounded.
The jackal barks!
The jackal bites you.
A jackal comes into view.
Casting: Shock
Confirm with . or Enter, or press ? or * to list all spells.
Aiming: Shock
Press: ? - help, Shift-Dir - straight line, p - jackal The zap hits the jackal.
The jackal is severely wounded.
The zap misses the jackal.
The jackal barely misses you.
Casting: Shock
Confirm with . or Enter, or press ? or * to list all spells.
Aiming: Shock
Press: ? - help, Shift-Dir - straight line The zap hits the jackal.
The jackal is almost dead.
The zap hits the jackal.
You kill the jackal!
Casting: Shock
Confirm with . or Enter, or press ? or * to list all spells.
Aiming: Shock
Press: ? - help, Shift-Dir - straight line The zap hits the jackal.
The jackal is heavily wounded.
The zap hits the jackal.
You kill the jackal!
Found a scroll labeled YNNIWK DAIN.
l - a scroll labeled YNNIWK DAIN You see here a frilled lizard corpse.
There is a stone staircase leading down here.
You climb downwards.
The ogre hits you but does no damage.
There is a stone staircase leading up here.
Okay, then.
Casting: Shock
Confirm with . or Enter, or press ? or * to list all spells.
Aiming: Shock
Press: ? - help, Shift-Dir - straight line The zap hits the ogre.
The ogre is moderately wounded.
The zap hits the ogre.
The ogre is moderately wounded.
The ogre closely misses you.
Casting: Shock
Confirm with . or Enter, or press ? or * to list all spells.
Aiming: Shock
Press: ? - help, Shift-Dir - straight line The zap hits the ogre.
The ogre is heavily wounded.
The zap misses the ogre.
Casting: Shock
Confirm with . or Enter, or press ? or * to list all spells.
Aiming: Shock
Press: ? - help, Shift-Dir - straight line The zap hits the ogre.
The ogre is heavily wounded.
The zap hits the ogre.
The ogre is severely wounded.
The ogre closely misses you.
Casting: Shock
Confirm with . or Enter, or press ? or * to list all spells.
Aiming: Shock
Press: ? - help, Shift-Dir - straight line The zap hits the ogre.
The ogre is severely wounded.
The zap hits the ogre.
The ogre is almost dead.
The ogre hits you with a giant club!!
Ouch! That really hurt!
You die...

#.S. #... #..
#.. #(# # #.##.#
#<...#
.#####O########
#.......@.......
#.#####.#####...
#.# #.# #.# #..
###


You could see an ogre.

Vanquished Creatures
  2 hound skeletons (D:4)
  2 adders (D:2)
  An orc (D:4)
  A giant cockroach (D:2)
  2 hobgoblins
  2 jackals (D:4)
  3 bats
  2 frilled lizards
  4 kobolds
  A rat (D:1)
20 creatures vanquished.

Notes
Turn   | Place    | Note
-------+----------+-------------------------------------------
     0 | D:1      | tidbits the High Elf Air Elementalist began the quest for the Orb.
     0 | D:1      | Reached XP level 1. HP: 11/11 MP: 4/4
   208 | D:3      | Reached skill level 4 in Air Magic
   208 | D:3      | Reached XP level 2. HP: 14/17 MP: 1/6
   292 | D:2      | Reached skill level 2 in Conjurations
   316 | D:2      | Reached XP level 3. HP: 20/21 MP: 4/8
   486 | D:4      | Learned a level 2 spell: Repel Missiles
   490 | D:4      | Learned a level 3 spell: Static Discharge
   505 | D:5      | Entered Level 5 of the Dungeon
   505 | D:5      | Noticed an ogre
   587 | D:5      | Slain by an ogre

Skill      XL: |  1  2 |
---------------+-------+-----
Air Magic      | 4 |  4.8
Conjurations   | 2 |  2.5
Dodging        | |  2.1
Stealth        | |  2.1
Spellcasting   | |  2.9

Action                   || total
-------------------------++-------
 Cast: Shock             ||    44
       Repel Missiles    ||     1
Armor: Robe              ||     5
Dodge: Dodged            ||    17

Table legend:
 A = Turns spent in this place as a percentage of turns spent in the entire game.
 B = Non-inter-level travel turns spent in this place as a percentage of non-inter-level travel turns spent in the entire game.
 C = Inter-level travel turns spent in this place as a percentage of turns spent in this place.
 D = Turns resting spent in this place as a percentage of non-inter-level travel turns spent in this place.
 E = Turns spent auto-exploring this place as a percentage of non-inter-level travel turns spent in this place.
 F = Non-inter-level travel turns spent in this place divided by the number of levels of this place that you've seen.
                   A       B       C       D       E      F
               +-------+-------+-------+-------+-------+----------------------
         Total | 100.0 | 100.0 |   0.0 |   0.0 |   0.0 |  97.2
       Dungeon | 100.0 | 100.0 |   0.0 |   0.0 |   0.0 |  97.2
               +-------+-------+-------+-------+-------+----------------------

Table legend:
 A = Kills in this place as a percentage of kills in entire the game.
 B = Kills by you in this place as a percentage of kills by you in the entire game.
 C = Kills by friends in this place as a percentage of kills by friends in the entire game.
 D = Other kills in this place as a percentage of other kills in the entire game.
 E = Experience gained in this place as a percentage of experience gained in the entire game.
 F = Experience gained in this place divided by the number of levels of this place that you have seen.
                   A       B       C       D       E      F
               +-------+-------+-------+-------+-------+----------------------
         Total | 100.0 | 100.0 |  -nan |  -nan | 100.0 |  17.6
       Dungeon | 100.0 | 100.0 |  -nan |  -nan | 100.0 |  17.6
               +-------+-------+-------+-------+-------+----------------------

Vault maps used:
D:1:      minmay_arrival_four_houses, glass_columns_a
D:2:      first_bread
D:3:      lemuel_angel_altar
D:4:      elyvilon_altar_4, serial_shops, nicolae_shop_trees,
          kennysheep_nondescript
D:5:      fiery_altar_vehumet, minmay_temple_entry_glass, basic_altar
